 Dungeon Crawl Stone Soup version 0.21.0-25-ge575cb9 (webtiles) character file.

1327 troglodite the Charmwright (level 8, -2/64 HPs)
             Began as a Gnoll Skald on Jan 26, 2018.
             Was an Initiate of Dithmenos.
             Slain by Menkaure (7 damage)
             ... on level 6 of the Dungeon.
             The game lasted 00:18:49 (7779 turns).

troglodite the Charmwright (Gnoll Skald)            Turns: 7779, Time: 00:18:50

Health: -2/64      AC: 17    Str: 15    XL:     8   Next: 60%
Magic:  14/17      EV: 14    Int: 18    God:    Dithmenos [......]
Gold:   240        SH:  0    Dex: 15    Spells: 12/19 levels left

rFire    . . .     SeeInvis +   t - +0 dagger (protect)
rCold    . . .     Gourm    .   (no shield)
rNeg     . . .     Faith    +   g - +0 ring mail
rPois    .         Spirit   .   u - +0 helmet
rElec    .         Reflect  .   q - +1 cloak
rCorr    .         Harm     .   v - +0 pair of gloves
MR       .....                  (no boots)
Stlth    ++........             i - amulet of faith
HPRegen  0.20/turn              z - ring of see invisible
MPRegen  0.15/turn              p - +2 ring of intelligence (curse)

@: protection aura
A: distributed training, fangs 1, strong nose
a: Renounce Religion


You were on level 6 of the Dungeon.
You worshipped Dithmenos.
Dithmenos was noncommittal.
You were hungry.

You visited 1 branch of the dungeon, and saw 6 of its levels.

You collected 240 gold pieces.

Inventory:

Hand Weapons
 a - a +0 falchion
 t - a +0 dagger of protection (weapon)
Armour
 g - a +0 ring mail (worn)
 q - a +1 cloak (worn)
 u - a +0 helmet (worn)
 v - a +0 pair of gloves (worn)
Jewellery
 i - an amulet of faith (around neck)
 n - an uncursed ring of ice
 p - a cursed +2 ring of intelligence (right hand)
 z - a ring of see invisible (left hand)
Scrolls
 e - 2 scrolls of teleportation {unknown}
 j - 2 scrolls of blinking
 l - a scroll of immolation {unknown}
 w - 2 scrolls of enchant weapon {unknown}
 y - 2 scrolls of remove curse {unknown}
 B - a scroll of enchant armour {unknown}
Potions
 f - a potion of flight
 h - 4 potions of lignification
 k - a potion of experience {unknown}
 m - a potion of haste
 o - a potion of berserk rage {unknown}
 r - a potion of agility {unknown}
 s - a potion of curing {unknown}
Books
 b - a book of Maledictions

   Spells                             Type                      Level
   a - Corona                         Hexes                        1
   b - Ensorcelled Hibernation        Hexes/Ice                    2
   c - Confuse                        Hexes                        3
   d - Tukima's Dance                 Hexes                        3
   e - Dazzling Spray                 Conjuration/Hexes            3
 c - a book of Battle

   Spells                             Type                      Level
   a - Infusion                       Charms                       1
   b - Shroud of Golubria             Charms/Translocation         2
   c - Song of Slaying                Charms                       2
   d - Spectral Weapon                Hexes/Charms                 3
   e - Regeneration                   Charms/Necromancy            3
 x - a book of Misfortune

   Spells                             Type                      Level
   a - Confusing Touch                Hexes                        1
   b - Confuse                        Hexes                        3
   c - Gell's Gravitas                Translocation                3
   d - Petrify                        Transmutation/Earth          4
   e - Metabolic Englaciation         Hexes/Ice                    5
   f - Yara's Violent Unravelling     Hexes/Transmutation          5
Comestibles
 d - 11 rations


   Skills:
 + Level 5.7 Fighting
 + Level 3.3 Short Blades
 + Level 5.7 Long Blades
 + Level 3.3 Axes
 + Level 3.3 Maces & Flails
 + Level 3.3 Polearms
 + Level 3.3 Staves
 + Level 3.3 Slings
 + Level 3.3 Bows
 + Level 3.3 Crossbows
 + Level 3.3 Throwing
 + Level 4.3 Armour
 + Level 5.7 Dodging
 + Level 3.3 Stealth
 + Level 3.3 Shields
 + Level 3.3 Unarmed Combat
 + Level 6.1 Spellcasting
 + Level 2.7 Conjurations
 + Level 2.7 Hexes
 + Level 6.1 Charms
 + Level 2.7 Summonings
 + Level 2.7 Necromancy
 + Level 2.7 Translocations
 + Level 2.7 Transmutations
 + Level 2.7 Fire Magic
 + Level 2.7 Ice Magic
 + Level 2.7 Air Magic
 + Level 2.7 Earth Magic
 + Level 2.7 Poison Magic
 + Level 3.7 Invocations
 + Level 3.3 Evocations


You had 12 spell levels left.
You knew the following spells:

 Your Spells              Type           Power        Failure   Level  Hunger
a - Infusion              Chrm           ####         1%          1    None
b - Spectral Weapon       Hex/Chrm       ###.....     11%         3    ##.....
c - Regeneration          Chrm/Necr      ###.......   11%         3    ##.....


Dungeon Overview and Level Annotations

Branches:
Dungeon (6/15)
 Temple: D:4-7

Altars:
Dithmenos
Sif Muna
Vehumet

Shops:
D:4 %%%

Annotations:
D:6 Menkaure


Innate Abilities, Weirdness & Mutations

Your experience applies equally to all skills.
You have very sharp teeth.
Your uncanny sense of smell can sniff out nearby items.


Message History

You closely miss Menkaure. Your bite misses Menkaure.
Menkaure is lightly damaged.
Your spectral weapon hits Menkaure.
Menkaure closely misses you.
You hit Menkaure.
Menkaure is moderately damaged.
Your spectral weapon hits Menkaure.
The ogre hits you with a giant spiked club!
* * * LOW HITPOINT WARNING * * *
You barely miss Menkaure. You bite Menkaure, but do no damage.
Menkaure is moderately damaged.
Your spectral weapon hits Menkaure.
Menkaure calls on the powers of darkness!
The ogre convulses!
Your body is wracked with pain!
* * * LOW HITPOINT WARNING * * *
The hobgoblin convulses!
You hit Menkaure but do no damage.
Menkaure is heavily damaged.
Your spectral weapon closely misses Menkaure.
The ogre misses you. Menkaure hits you!
You die...

.....P.P.....
...................
................... #
#..................
..#
#.......###........
....##.g..##
#........
..........##
#.......# #..(MO..#
###.......#
#...@...###.........#
#..........†........#
##....>...###.......#
#.......## ##......#
###..?..# #......#
##....# ##.....#
####.# #.....# #..
##....# ##.# #....#


You could see an ogre, Menkaure, a hobgoblin and a friendly spectral dagger of
protection.

Vanquished Creatures
  The ghost of tidbits the Insei, an amateur GnMo of Cheibriados (D:5)
  A sky beast (D:5)
  2 centaurs (D:5)
  2 phantoms (D:4)
  An ogre (D:4)
  A howler monkey (D:5)
  A crimson imp (D:5)
  2 hounds (D:5)
  2 jellies (D:5)
  A bullfrog zombie (D:5)
  A centaur zombie (D:5)
  A gnoll shaman (D:4)
  A bullfrog skeleton (D:5)
  An orc wizard (D:5)
  An iguana (D:5)
  5 worker ants
  Robin (D:3)
  A gnoll (D:3)
  10 adders
  An ooze (D:4)
  A leopard gecko (D:1)
  13 orcs
  4 ball pythons
  3 bats
  4 giant cockroaches
  13 goblins
  5 hobgoblins
  9 jackals
  8 kobolds
  2 quokkas
  4 frilled lizards
  A jackal skeleton (D:4)
  5 rats
109 creatures vanquished.

Notes
Turn   | Place    | Note
-------+----------+-------------------------------------------
     0 | D:1      | troglodite the Gnoll Skald began the quest for the Orb.
     0 | D:1      | Reached XP level 1. HP: 20/20 MP: 6/6
    98 | D:1      | Reached XP level 2. HP: 26/26 MP: 7/7
   924 | D:2      | Reached XP level 3. HP: 26/31 MP: 9/9
   938 | D:2      | Learned a level 3 spell: Spectral Weapon
   942 | D:2      | Learned a level 3 spell: Regeneration
  1057 | D:2      | Reached skill level 5 in Spellcasting
  1105 | D:2      | Reached skill level 1 in Invocations
  1212 | D:2      | Reached skill level 1 in Short Blades
  1212 | D:2      | Reached skill level 1 in Axes
  1212 | D:2      | Reached skill level 1 in Maces & Flails
  1212 | D:2      | Reached skill level 1 in Polearms
  1212 | D:2      | Reached skill level 1 in Staves
  1212 | D:2      | Reached skill level 1 in Slings
  1212 | D:2      | Reached skill level 1 in Bows
  1212 | D:2      | Reached skill level 1 in Crossbows
  1212 | D:2      | Reached skill level 1 in Throwing
  1212 | D:2      | Reached skill level 1 in Stealth
  1212 | D:2      | Reached skill level 1 in Shields
  1212 | D:2      | Reached skill level 1 in Unarmed Combat
  1212 | D:2      | Reached skill level 1 in Evocations
  1454 | D:3      | Reached XP level 4. HP: 31/38 MP: 11/11
  1486 | D:3      | Noticed Robin
  1517 | D:3      | Killed Robin
  2243 | D:3      | Reached skill level 1 in Conjurations
  2243 | D:3      | Reached skill level 1 in Hexes
  2243 | D:3      | Reached skill level 1 in Summonings
  2243 | D:3      | Reached skill level 1 in Necromancy
  2243 | D:3      | Reached skill level 1 in Translocations
  2243 | D:3      | Reached skill level 1 in Transmutations
  2243 | D:3      | Reached skill level 1 in Fire Magic
  2243 | D:3      | Reached skill level 1 in Ice Magic
  2243 | D:3      | Reached skill level 1 in Air Magic
  2243 | D:3      | Reached skill level 1 in Earth Magic
  2243 | D:3      | Reached skill level 1 in Poison Magic
  2495 | D:4      | Noticed an ogre
  2505 | D:4      | Killed an ogre
  2505 | D:4      | Reached XP level 5. HP: 43/43 MP: 8/12
  2655 | D:4      | Found Lomuig's Food Shoppe.
  2674 | D:4      | Found Qeashroli's Food Boutique.
  2801 | D:4      | Reached XP level 6. HP: 24/50 MP: 13/13
  3244 | D:4      | Reached skill level 5 in Fighting
  3244 | D:4      | Reached skill level 5 in Long Blades
  3244 | D:4      | Reached skill level 5 in Dodging
  3268 | D:4      | Found Dog Jyd's Food Shoppe.
  3297 | D:4      | Noticed a phantom
  3371 | D:4      | Killed a phantom
  3762 | D:4      | Noticed a phantom
  3835 | D:4      | Killed a phantom
  3835 | D:4      | Reached XP level 7. HP: 45/56 MP: 11/15
  4127 | D:4      | Found a shadowy altar of Dithmenos.
  4132 | D:4      | Became a worshipper of Dithmenos the Shadowed
  4172 | D:5      | Entered Level 5 of the Dungeon
  4185 | D:5      | Noticed tidbits's ghost (amateur GnMo)
  5701 | D:5      | Reached XP level 8. HP: 16/63 MP: 9/16
  6879 | D:5      | Killed tidbits's ghost
  7208 | D:5      | Found a deep blue altar of Sif Muna.
  7317 | D:5      | Found a radiant altar of Vehumet.
  7764 | D:6      | Noticed Menkaure
  7779 | D:6      | Slain by Menkaure

Skill      XL: |  1  2  3  4  5  6  7  8 |
---------------+-------------------------+-----
Spellcasting   | 5 6 |  6.1
Invocations    | 1 2 3 |  3.7
Short Blades   | 1 2 3 |  3.3
Axes           | 1 2 3 |  3.3
Maces & Flails | 1 2 3 |  3.3
Polearms       | 1 2 3 |  3.3
Staves         | 1 2 3 |  3.3
Slings         | 1 2 3 |  3.3
Bows           | 1 2 3 |  3.3
Crossbows      | 1 2 3 |  3.3
Throwing       | 1 2 3 |  3.3
Stealth        | 1 2 3 |  3.3
Shields        | 1 2 3 |  3.3
Unarmed Combat | 1 2 3 |  3.3
Evocations     | 1 2 3 |  3.3
Conjurations   | 1 2 |  2.7
Hexes          | 1 2 |  2.7
Summonings     | 1 2 |  2.7
Necromancy     | 1 2 |  2.7
Translocations | 1 2 |  2.7
Transmutations | 1 2 |  2.7
Fire Magic     | 1 2 |  2.7
Ice Magic      | 1 2 |  2.7
Air Magic      | 1 2 |  2.7
Earth Magic    | 1 2 |  2.7
Poison Magic   | 1 2 |  2.7
Armour         | 3 4 |  4.3
Fighting       | 5 |  5.7
Long Blades    | 5 |  5.7
Dodging        | 5 |  5.7
Charms         | 6 |  6.1

Action                   |  1- 3 |  4- 6 |  7- 9 || total
-------------------------+-------+-------+-------++-------
Melee: Falchion          |    83 |    29 |       ||   112
       Bite              |     6 |    41 |    65 ||   112
       Dagger            |       |   356 |   578 ||   934
       Punch             |       |     2 |     9 ||    11
 Cast: Spectral Weapon   |       |    13 |    22 ||    35
  Use: Scroll            |       |     5 |     1 ||     6
       Potion            |       |       |     1 ||     1
 Stab: Distracted        |     1 |     6 |     5 ||    12
       Sleeping          |     2 |       |       ||     2
  Eat: Chunk             |     2 |     8 |     8 ||    18
       Ration            |       |       |     2 ||     2
Armor: Leather armour    |    16 |    61 |       ||    77
       Ring mail         |       |    83 |   235 ||   318
Dodge: Dodged            |    64 |   258 |   352 ||   674
       Rpst.: Falchion   |    20 |     7 |       ||    27
